 Dungeon Crawl Stone Soup version 0.28.0-49-g6dfe1f597d (webtiles) character file.

Game seed: 9868153657734366126

79 bnorton916 the Magician (level 4, 0/24 HPs)
             Began as a Deep Elf Fire Elementalist on May 16, 2022.
             Slain by Robin
             ... wielding a +0 vorpal spear
              (2 damage)
             ... on level 2 of the Dungeon.
             The game lasted 00:03:17 (2574 turns).

bnorton916 the Magician (DEFE)                      Turns: 2574, Time: 00:03:18

Health: 0/24       AC:  2    Str:  5    XL:     4   Next: 17%
Magic:  4/12       EV: 12    Int: 22    God:
Gold:   57         SH:  0    Dex: 15    Spells: 5/11 levels left

rFire   . . .      SeeInvis .   (no weapon)
rCold   . . .      Faith    .   (no shield)
rNeg    . . .      Spirit   .   a - +0 robe
rPois   .          Reflect  .   (no helmet)
rElec   .          Harm     .   (no cloak)
rCorr   .          Rampage  .   (no gloves)
Will    .....                   (no boots)
Stlth   ++........              (no amulet)
HPRegen 0.08/turn               (no ring)
MPRegen 0.13/turn               (no ring)

@: very slightly contaminated
A: no striking features
a: no special abilities


You were on level 2 of the Dungeon.
You visited 1 branch of the dungeon, and saw 2 of its levels.

You collected 57 gold pieces.

Inventory:

Armour
 a - a +0 robe (worn)
Scrolls
 b - 3 scrolls of identify {unknown}
 e - a scroll of fear {unknown}
 j - a scroll of silence {unknown}
 k - a scroll of summoning {unknown}
Potions
 c - a potion of heal wounds {unknown}
 d - a potion of might {unknown}
 f - a potion of haste
 g - a potion of brilliance {unknown}
 h - a potion of lignification {unknown}
 i - a potion of curing {unknown}


   Skills:
 - Level 2.4 Dodging
 - Level 2.4 Stealth
 + Level 4.2 Spellcasting
 + Level 2.6 Conjurations
 + Level 4.2 Fire Magic


You had 5 spell levels left.
You knew the following spells:

 Your Spells              Type           Power      Damage    Failure   Level
a - Foxfire               Conj/Fire      76%        2x1d7     2%          1
b - Scorch                Fire           46%        2d7       3%          2
c - Conjure Flame         Conj/Fire      19%        6-21      8%          3

Your spell library contained the following spells:

 Spells                   Type           Power      Damage    Failure   Level
 Inner Flame              Hex/Fire       13%        N/A       14%         3
 Flame Wave               Conj/Fire      19%        2d6       26%         4


Dungeon Overview and Level Annotations

Branches:
Dungeon (2/15)

Altars:

Annotations:
D:2 Robin


Message History

Confirm with . or Enter, or press ? or * to list all spells.
You conjure some foxfire!
Robin barely misses you. The goblin hits you with a +0 club.
The foxfire hits the hobgoblin.
The hobgoblin is almost dead.
The foxfire hits the goblin.
You kill the goblin!
Robin misses you.
Unknown command.
Casting: Foxfire (safe; 2% risk of failure)
Confirm with . or Enter, or press ? or * to list all spells.
You conjure some foxfire!
Robin hits you from afar with a +0 vorpal spear.
The hobgoblin hits you.
The foxfire hits the hobgoblin.
You kill the hobgoblin!
The foxfire hits Robin.
Robin is lightly wounded.
Robin barely misses you.
Unknown command.
Casting: Foxfire (safe; 2% risk of failure)
Confirm with . or Enter, or press ? or * to list all spells.
You miscast Foxfire.
You are very lightly contaminated with residual magic.
Nothing appears to happen.
Robin hits you from afar with a +0 vorpal spear.
Unknown command.
Casting: Foxfire (safe; 2% risk of failure)
Confirm with . or Enter, or press ? or * to list all spells.
You miscast Scorch.
Nothing appears to happen.
Robin says, "Duck!"
Robin barely misses you.
Unknown command.
Casting: Scorch (safe; 3% risk of failure)
Confirm with . or Enter, or press ? or * to list all spells.
Flames lash Robin.
Robin is almost dead.
Robin's fire resistance burns away.
Robin hits you from afar with a +0 vorpal spear.
* * * LOW HITPOINT WARNING * * *
You die...

...........................>.....
#)##.################............
..##....####.....####............
####.......'.......##............
#....####.....#.##............
#....# #.....#.##............
#....##########'##............
#................#............
#............@?..#............
#............)...#............
#..............g.#######.#####
#......................#.#
#.................####.#.#
#......########.#.# #.#
#............##.#.# #.# #
#..†.........##.#.# #.# #
#............##.#.# #.#


You could see Robin (combustible).

Vanquished Creatures
  An adder (D:2)
  A worm (D:2)
  3 dart slugs
  5 ball pythons
  5 bats
  5 endoplasms
  9 goblins
  8 hobgoblins
  2 jackals (D:2)
  5 kobolds
  3 quokkas
  2 frilled lizards (D:1)
  2 rats
51 creatures vanquished.

Vanquished Creatures (others)
  124 foxfires
124 creatures vanquished.

Grand Total: 175 creatures vanquished

Notes
Turn   | Place    | Note
-------+----------+-------------------------------------------
     0 | D:1      | bnorton916 the Deep Elf Fire Elementalist began the quest
                  | for the Orb.
     0 | D:1      | Reached XP level 1. HP: 10/10 MP: 6/6
   185 | D:1      | Reached XP level 2. HP: 15/15 MP: 4/8
   717 | D:2      | Reached XP level 3. HP: 17/19 MP: 3/10
   800 | D:2      | Noticed Robin
  1236 | D:1      | Learned a level 2 spell: Scorch
  1240 | D:1      | Learned a level 3 spell: Conjure Flame
  1637 | D:2      | Found a faded altar of an unknown god.
  2255 | D:2      | Reached XP level 4. HP: 15/24 MP: 6/12
  2574 | D:2      | Slain by Robin

Illustrated notes

Levels and vault maps discovered:
D:1:      ncdulo_watergridlock, layout_rooms, chequers_arboretum
D:2:      layout_basic, dreamdust_ecumenical_altar_angels_and_demons, uniq_robin

Skill      XL: |  1  2  3 |
---------------+----------+-----
Conjurations   | 2 |  2.6
Fire Magic     | 4 |  4.2
Spellcasting   | 4 |  4.2
Dodging        | |  2.4
Stealth        | |  2.4

Action                   |  1- 3 |  4- 6 || total
-------------------------+-------+-------++-------
 Cast: Foxfire           |    69 |    11 ||    80
       Scorch            |     3 |     1 ||     4
Armor: Robe              |     3 |     1 ||     4
Dodge: Dodged            |    14 |     8 ||    22
